 Dungeon Crawl Stone Soup version 0.28-a0-925-gd5e1996cdb (console) character file.

Game seed: 9215973486527677825

146 Goblin1989 the Chopper (level 5, 0/41 HPs)
             Began as a Demonspawn Cinder Acolyte on Nov 26, 2021.
             Was a High Priest of Ignis.
             Hit by a stone thrown by a gnoll (5 damage)
             ... on level 2 of the Dungeon.
             The game lasted 00:04:31 (2219 turns).

Goblin1989 the Chopper (Demonspawn Cinder Acolyte)  Turns: 2219, Time: 00:04:31

Health: 0/41       AC:  4    Str: 17    XL:     5   Next: 7%
Magic:  6/6        EV: 11    Int: 16    God:    Ignis [*****.]
Gold:   31         SH:  0    Dex:  8    Spells: 6/6 levels left

rFire   + . .      SeeInvis .   a - -1 hand axe (flame)
rCold   . . .      Faith    .   (no shield)
rNeg    . . .      Spirit   .   b - +0 robe
rPois   .          Reflect  .   (no helmet)
rElec   .          Harm     .   (no cloak)
rCorr   .          Rampage  .   (no gloves)
Will    .....                   (no boots)
Stlth   +.........              (no amulet)
HPRegen 0.13/turn               (no ring)
MPRegen 0.10/turn               (no ring)

@: no status effects
A: thin metallic scales 1, ignite blood 1, spiny 1, strong 1
a: Renounce Religion, Fiery Armour, Foxfire Swarm, Rising Flame


You were on level 2 of the Dungeon.
You worshipped Ignis.
Ignis was extremely pleased with you.
You visited 1 branch of the dungeon, and saw 2 of its levels.

You collected 31 gold pieces.

Inventory:

Hand Weapons
 a - a -1 hand axe of flaming (weapon)
Armour
 b - a +0 robe (worn)
Scrolls
 e - a scroll of holy word {unknown}
 f - a scroll of enchant weapon {unknown}
 g - a scroll of fear {unknown}
 h - a scroll of blinking {unknown}


   Skills:
 - Level 3.0 Fighting
 + Level 5.3 Axes
 - Level 1.0 Spellcasting
 - Level 2.6 Fire Magic


You had 6 spell levels left.
You didn't know any spells.
Your spell library contained the following spells:

 Spells                   Type           Power      Damage    Failure   Level
 Scorch                   Fire           18%        2d6       12%         2


Dungeon Overview and Level Annotations

Branches:
Dungeon (2/15)

Altars:


Innate Abilities, Weirdness & Mutations

You are partially covered in thin metallic scales. (AC +2)
Your demonic aura sometimes causes spilled blood to erupt in flames.
You are partially covered in sharp spines.
Your muscles are strong. (Str +2)


Message History

You hit the worm. You burn the worm.
The worm is almost dead.
The worm closely misses you.
You hit the worm. You burn the worm.
The worm is almost dead.
The endoplasm jiggles.
The worm is struck by your spines.
You kill the worm!
You hit the endoplasm. You burn the endoplasm.
The endoplasm is heavily wounded.
The endoplasm barely misses you.
You slash the endoplasm! You burn the endoplasm.
You kill the endoplasm!
No target in view!
No target in view!
No target in view!
No target in view!
No target in view!
No target in view!
No target in view!
No target in view!
No target in view!
No target in view!
No target in view!
No target in view!
No target in view!
No target in view!
A gnoll comes into view. It is wielding a +0 flail.
You regained 3 hp, and now have 29/35 hp.
The gnoll shouts!
You hear a shout!
A gnoll comes into view. It is wielding a +0 club.
The gnoll shouts!
A bat comes into view.
The gnoll throws a stone.
The stone hits you.
You take 4 damage, and have 25/35 hp.
You hit the gnoll. You burn the gnoll.
The gnoll is heavily wounded.
The bat hits you but does no damage.
A gnoll comes into view. It is wielding a +0 halberd.
The gnoll is engulfed in blazing flames.
You kill the gnoll!
You have reached level 5!
You regained 5 hp, and now have 30/41 hp.
MP restored: 6 The bat is struck by your spines.
The bat barely misses you.
The gnoll throws a throwing net.
The throwing net misses you.
You hit the gnoll. You burn the gnoll.
The gnoll is moderately wounded.
The bat hits you but does no damage. The gnoll hits you with a +0 club.
You take 6 damage, and have 24/41 hp.
You are too injured to fight recklessly!
You are too injured to fight recklessly!
You are too injured to fight recklessly!
You are too injured to fight recklessly!
You are too injured to fight recklessly!
You are too injured to fight recklessly!
You are too injured to fight recklessly!
You are too injured to fight recklessly!
You are too injured to fight recklessly!
You are too injured to fight recklessly!
You are too injured to fight recklessly!
You are too injured to fight recklessly!
You are too injured to fight recklessly!
You are too injured to fight recklessly!
You are too injured to fight recklessly!
You are too injured to fight recklessly!
You are too injured to fight recklessly!
You are too injured to fight recklessly!
You are too injured to fight recklessly!
Unknown command.
You hit the bat. You burn the bat.
You kill the bat!
You hit the gnoll but do no damage. The gnoll hits you with a +0 club.
* * * LOW HITPOINT WARNING * * *
You take 6 damage, and have 18/41 hp.
Unknown command.
Unknown command.
You hit the gnoll but do no damage.
The gnoll is moderately wounded.
The gnoll throws a throwing net.
The throwing net hits you.
You become entangled in the net!
The gnoll is struck by your spines. The gnoll hits you with a +0 club.
* * * LOW HITPOINT WARNING * * *
You take 2 damage, and have 16/41 hp.
You tear a large gash into the net.
The gnoll hits you with a +0 club.
* * * LOW HITPOINT WARNING * * *
You take 3 damage, and have 13/41 hp.
You struggle against the net.
The gnoll completely misses you. The gnoll barely misses you.
You rip the net and break free!
The gnoll completely misses you. The gnoll hits you with a +0 club.
* * * LOW HITPOINT WARNING * * *
You take 3 damage, and have 11/41 hp.
You hit the gnoll. You burn the gnoll.
The gnoll is heavily wounded.
The gnoll closely misses you. The gnoll hits you with a +0 club.
* * * LOW HITPOINT WARNING * * *
You take 6 damage, and have 5/41 hp.
The gnoll throws a stone.
The stone hits you.
You die...

███████....██ █.█
.███..$..█.....██ ██.█
................██ █..█
S................█ █†██
B................█ ██.██
.................█
████..█.
......>..........█
███.)..██.
...........g.....█
█...█████.
...........g○@(.█████.███
█.
...........†)..█.).)..█
█.
......███.██.....██████
█. █.███ █.███......█ █.
█.█ █.████.███ ██ █. ...█
█...█ ..██.█ ███.█ ..
█..█ █.█ █ █
██...███.█████████


You could see 2 gnolls.

Vanquished Creatures
  Jessica (D:2)
  Natasha (twice) (D:2)
  2 gnolls (D:2)
  2 worms (D:2)
  A dart slug (D:1)
  4 bats
  4 endoplasms
  A giant cockroach (D:1)
  7 goblins
  A hobgoblin (D:1)
  4 jackals (D:1)
  A quokka (D:1)
  5 ball pythons
  A frilled lizard (D:2)
  2 kobolds (D:1)
  4 rats
42 creatures vanquished.

Notes
Turn   | Place    | Note
-------+----------+-------------------------------------------
     0 | D:1      | Goblin1989 the Demonspawn Cinder Acolyte began the quest
                  | for the Orb.
     0 | D:1      | Reached XP level 1. HP: 18/18 MP: 2/2
    86 | D:1      | Reached skill level 3 in Axes
   476 | D:1      | Gained mutation: You are partially covered in sharp spines.
                  | [demonic ancestry]
   476 | D:1      | Reached XP level 2. HP: 23/24 MP: 3/3
  1452 | D:1      | Gained mutation: Your demonic aura sometimes causes spilled
                  | blood to erupt in flames. [demonic ancestry]
  1452 | D:1      | Reached XP level 3. HP: 29/29 MP: 4/4
  1731 | D:2      | Noticed Natasha
  1731 | D:2      | Noticed Jessica
  1741 | D:2      | Killed Jessica
  1742 | D:2      | Reached skill level 4 in Axes
  1747 | D:2      | Gained mutation: Your muscles are strong. (Str +2) [potion
                  | of mutation]
  1748 | D:2      | Killed Natasha
  1749 | D:2      | Gained mutation: You are partially covered in thin metallic
                  | scales. (AC +2) [demonic ancestry]
  1749 | D:2      | Reached XP level 4. HP: 10/35 MP: 5/5
  1796 | D:2      | Noticed Natasha
  1867 | D:2      | Killed Natasha
  1868 | D:2      | Reached skill level 5 in Axes
  2211 | D:2      | Reached XP level 5. HP: 30/41 MP: 6/6
  2219 | D:2      | Hit by a stone thrown by a gnoll

Illustrated notes

Levels and vault maps discovered:
D:1:      minmay_arrival_diagonal_passages, layout_basic
D:2:      layout_rooms, uniq_natasha, uniq_robin, uniq_jessica

Skill      XL: |  1  2  3  4 |
---------------+-------------+-----
Axes           | 3 4 5 |  5.3
Fighting       | |  3.0
Spellcasting   | |  1.0
Fire Magic     | |  2.6

Action                   |  1- 3 |  4- 6 || total
-------------------------+-------+-------++-------
Melee: Hand axe          |    78 |    31 ||   109
  Use: Potion            |     2 |       ||     2
Armor: Robe              |    22 |     6 ||    28
Dodge: Dodged            |    45 |    17 ||    62

Table legend: (Time is in decaauts)
 A = Elapsed time spent in this place.
 B = Non-inter-level travel time spent in this place.
 C = Inter-level travel time spent in this place.
 D = Time resting spent in this place.
 E = Time spent auto-exploring this place.
 F = Levels seen in this place.
 G = Mean time per level.
                   A        B        C        D        E       F      G
               +--------+--------+--------+--------+--------+-----+--------+
         Total |   2230 |   2165 |     65 |    288 |   1582 |   2 | 1115.0 |
       Dungeon |   2230 |   2165 |     65 |    288 |   1582 |   2 | 1115.0 |
               +--------+--------+--------+--------+--------+-----+--------+

Top non-repeatable levels by time:
     D:1: 1652 daAuts
     D:2: 578 daAuts
